 Dungeon Crawl Stone Soup version 0.28.0-53-g5a82cb258f (webtiles) character file.

Game seed: 17080157703541074406

58 Ashen the Chiller (level 3, -4/24 HPs)
             Began as a Demonspawn Ice Elementalist on July 13, 2022.
             Killed from afar by Ijyb (13 damage)
             ... with a puff of flame
             ... on level 3 of the Dungeon.
             The game lasted 00:03:41 (2307 turns).

Ashen the Chiller (Demonspawn Ice Elementalist)     Turns: 2307, Time: 00:03:42

Health: -4/24      AC:  2    Str:  8    XL:     3   Next: 76%
Magic:  6/6        EV: 12    Int: 18    God:
Gold:   62         SH:  0    Dex: 13    Spells: 0/7 levels left

rFire   . . .      SeeInvis .   w - +0 quarterstaff
rCold   . . .      Faith    .   (shield currently unavailable)
rNeg    . . .      Spirit   .   a - +0 robe
rPois   .          Reflect  .   (no helmet)
rElec   .          Harm     .   (no cloak)
rCorr   +          Rampage  .   (no gloves)
Will    .....                   (no boots)
Stlth   ++........              (no amulet)
HPRegen 0.08/turn               m - ring of resist corrosion
MPRegen 0.10/turn               (no ring)

@: no status effects
A: condensation shield
a: no special abilities


You were on level 3 of the Dungeon.
You visited 1 branch of the dungeon, and saw 3 of its levels.

You collected 62 gold pieces.

Inventory:

Hand Weapons
 w - a +0 quarterstaff (weapon)
Armour
 a - a +0 robe (worn)
Jewellery
 m - a ring of resist corrosion (left hand)
Wands
 f - a wand of iceblast (6)
 q - a wand of digging (4)
Scrolls
 b - 2 scrolls of noise {unknown}
 c - a scroll of enchant weapon {unknown}
 d - 4 scrolls of magic mapping {unknown}
 e - a scroll of brand weapon {unknown}
 j - a scroll of amnesia {unknown}
 k - 2 scrolls of identify {unknown}
 l - 2 scrolls of teleportation {unknown}
 n - 2 scrolls of immolation
 r - a scroll of vulnerability {unknown}
 t - a scroll of torment {unknown}
Potions
 g - a potion of berserk rage {unknown}
 h - a potion of resistance {unknown}
 i - 2 potions of attraction {unknown}
 o - a potion of degeneration {unknown}
 p - a potion of curing {unknown}
 s - a potion of heal wounds {unknown}
 u - a potion of brilliance {unknown}
 v - a potion of flight {unknown}


   Skills:
 + Level 0.0 Fighting
 + Level 2.4 Dodging
 + Level 2.5 Stealth
 + Level 2.5 Spellcasting
 + Level 4.0 Ice Magic


You couldn't memorise any spells.
You knew the following spells:

 Your Spells              Type           Power      Damage    Failure   Level
a - Freeze                Ice            64%        1d8       3%          1
b - Frozen Ramparts       Ice            32%        1d5       10%         3
c - Ozocubu's Armour      Ice            16%        N/A       10%         3

Your spell library contained the following spells:

 Spells                   Type           Power      Damage    Failure   Level
 Animate Skeleton         Necr           4%         N/A       17%         1
 Apportation              Tloc           4%         N/A       17%         1
 Summon Small Mammal      Summ           8%         N/A       17%         1
 Hailstorm                Conj/Ice       9%         3d4       58%         4


Dungeon Overview and Level Annotations

Branches:
Dungeon (3/15)

Altars:

Shops:
D:2 (!([

Annotations:
D:3 exclusion: kobold brigand, Ijyb


Innate Abilities, Weirdness & Mutations

A meltable shield of frost defends you. (SH +0)


Message History

Aiming: Freeze (safe; 3% risk of failure)
Press: ? - help, Shift-Dir - straight line, f - rat
Aim: a rat You freeze the rat.
The rat is heavily wounded.
The rat closely misses you.
Casting: Freeze (safe; 3% risk of failure)
Confirm with . or Enter, or press ? or * to list all spells.
Aiming: Freeze (safe; 3% risk of failure)
Press: ? - help, Shift-Dir - straight line, f/p - rat
Aim: a rat (heavily wounded)
You freeze the rat.
You kill the rat!
You see here a +0 quarterstaff.
w - a +0 quarterstaff
w - a +0 quarterstaff (weapon)
You drop a +0 whip.
Found a spear.
You now have 62 gold pieces (gained 10).
A kobold brigand comes into view.
It is wielding a +0 short sword and quivering curare-tipped darts.
Press: ? - help, v - describe, . - travel
Here: a kobold brigand, wielding a +0 short sword and quivering curare-tipped darts (asleep)
A teleport trap.
Placed new exclusion.
Found 15 stones.
Ijyb the Twisted Goblin comes into view.
She is wielding a +0 dagger, wearing a +0 chain mail of cold resistance and carrying a wand of flame (19).
Ijyb screams, "It's all mine!"
You see here 15 stones.
A ball python comes into view.
Ijyb zaps a wand.
The puff of flame hits you!
Your condensation shield dissipates!
Ouch! That really hurt!
You see here a wand of iceblast (6).
f - a wand of iceblast (6)
The ball python hisses angrily.
Ijyb zaps a wand.
The puff of flame misses you.
You see here 15 stones.
Ijyb zaps a wand.
The puff of flame hits you!
Ouch! That really hurt!
You die...

## .. .###### #.# ### .
......## #.# #.. ..
#.###..# #.# .. #... #.#
#### #.# .#..... ..##
+#.#+ ##...# #..#
.#####...#####g.# ##.##
.......⌠.@...(..#
##..##..#####...#####.##
#......# +#.#+ ###
....#### #.# ##...###
#.# ##....# #.# #...##
##.## #####.#.## ###..##
#...# #......K. #...>.#
##.#### #.......


You could see Ijyb.

Vanquished Creatures
  An adder (D:2)
  A worm (D:2)
  2 dart slugs
  An orc (D:3)
  3 ball pythons
  4 endoplasms
  5 giant cockroaches
  5 goblins
  3 hobgoblins
  3 kobolds (D:1)
  2 quokkas
  A bat (D:1)
  A frilled lizard (D:2)
  4 rats
36 creatures vanquished.

Notes
Turn   | Place    | Note
-------+----------+-------------------------------------------
     0 | D:1      | Ashen the Demonspawn Ice Elementalist began the quest for
                  | the Orb.
     0 | D:1      | Reached XP level 1. HP: 13/13 MP: 3/3
   208 | D:1      | Gained mutation: A meltable shield of frost defends you.
                  | (SH +0) [demonic ancestry]
   208 | D:1      | Reached XP level 2. HP: 10/19 MP: 0/5
  1121 | D:2      | Found a faded altar of an unknown god.
  1136 | D:2      | Reached XP level 3. HP: 20/24 MP: 2/6
  1269 | D:2      | Found Wuocy's Weapon Shoppe.
  1289 | D:2      | Found Fahal's Distillery.
  1565 | D:2      | Learned a level 3 spell: Frozen Ramparts
  1588 | D:2      | Found Alasobb's Antique Weapon Shop.
  1931 | D:2      | Found Kebbesyq's Armour Shoppe.
  1937 | D:2      | Reached skill level 4 in Ice Magic
  2082 | D:3      | Learned a level 3 spell: Ozocubu's Armour
  2269 | D:3      | Noticed a kobold brigand
  2300 | D:3      | Noticed Ijyb
  2307 | D:3      | Killed from afar by Ijyb

Illustrated notes

Levels and vault maps discovered:
D:1:      saegor_arrival_fortress, layout_rooms
D:2:      layout_basic, serial_shops, shop, nicolae_shop_behind_doors,
          nicolae_square_shop, nicolae_shop_stone,
          hellmonk_ecumenical_altar_blasted
D:3:      layout_rooms, grunt_temple_overflow_cloverleaf, chequers_mini_garden,
          minivault_14, kennysheep_flooded_box, nrook_mini_backslash, uniq_ijyb

Skill      XL: |  1  2  3 |
---------------+----------+-----
Stealth        | 2 |  2.5
Dodging        | 2 |  2.4
Ice Magic      | 4 |  4.0
Spellcasting   | |  2.5

Action                   || total
-------------------------++-------
Melee: Unarmed           ||     2
       Whip              ||    25
 Cast: Freeze            ||    59
 Stab: Sleeping          ||     4
Armor: Robe              ||     9
Dodge: Dodged            ||    40
Block: Other             ||    10
